 Dungeon Crawl Stone Soup version 0.19.4-8-ga85b6b9 (webtiles) character file.

5263 Lennu the Basher (level 10, -2/77 HPs)
             Began as a Demonspawn Berserker on Feb 11, 2017.
             Was an Elder of Trog.
             Engulfed by a cloud of flame (10 damage)
             ... on level 9 of the Dungeon.
             The game lasted 00:34:17 (10009 turns).

Lennu the Basher (Demonspawn Berserker)            Turns: 10009, Time: 00:34:17

Health: -2/77      AC: 14    Str: 28    XL:     10   Next: 36%
Magic:  10/10      EV: 11    Int:  7    God:    Trog [****..]
Gold:   164        SH:  0    Dex: 14    Spells: 0 memorised, 9 levels left

rFire  . . .     SeeInvis .     p - +3 morningstar
rCold  + . .     Gourm    .     y - +2 chain mail {rC+}
rNeg   . . .     Faith    .     (no shield)
rPois  .         Spirit   .     (helmet restricted)
rElec  +         Reflect  .     A - +0 cloak
rCorr  +         Harm     .     v - +0 pair of gloves
MR     .....                    (no boots)
Stlth  ..........               (no amulet)
                                B - ring of resist corrosion
                                n - +4 ring of strength

@: mighty
A: horns 2, thin metallic scales 3, blurry vision 1, deformed body,
deterioration 1, dopey 1, powered by death 1, powered by pain 1, electricity
resistance, no device heal 1
a: Berserk, Trog's Hand, Brothers in Arms, Burn Spellbooks, Renounce Religion


You were on level 9 of the Dungeon.
You worshipped Trog.
Trog was greatly pleased with you.
You were not hungry.

You visited 1 branch of the dungeon, and saw 9 of its levels.

You collected 478 gold pieces.
You spent 314 gold pieces at shops.

Inventory:

Hand Weapons
 p - a +3 morningstar (weapon)
 x - a +1 whip of venom
Missiles
 g - 2 javelins of returning (quivered)
 r - 12 tomahawks
Armour
 j - a +2 robe of fire resistance
 v - a +0 pair of gloves (worn)
 y - a +2 chain mail of cold resistance (worn)
 A - a +0 cloak (worn)
Jewellery
 b - an uncursed ring of flight
 d - an uncursed ring of positive energy
 k - an uncursed ring of see invisible
 n - a +4 ring of strength (left hand)
 B - a ring of resist corrosion (right hand)
Wands
 a - a wand of lightning (6/15)
 l - a wand of flame (15/48)
 m - a wand of lightning (9/15)
 t - a wand of paralysis (7/24)
Scrolls
 e - 2 scrolls of remove curse
 q - 2 scrolls of teleportation
 w - a scroll of fear
Potions
 i - 3 potions of might
 u - 4 potions of curing
 C - a potion of heal wounds
Comestibles
 c - 4 bread rations
 f - 4 chunks of flesh
 h - 2 beef jerkies
 o - 2 royal jellies
 s - 3 fruits
 z - a meat ration


   Skills:
 * Level 6.8 Fighting
 * Level 10.5 Maces & Flails
 * Level 4.3 Throwing
 * Level 4.6 Armour
 * Level 5.4 Dodging


You had 9 spell levels left.
You didn't know any spells.

Dungeon Overview and Level Annotations

Branches:
Dungeon (9/15)             Temple (0/1) D:7            Lair (0/6) D:8
    Orc: D:9-12

Altars:
Elyvilon
Hepliaklqana
Makhleb
Nemelex Xobeh
Qazlal
Uskayaw
The Shining One

Shops:
D:9 !

Annotations:
D:9 Erica


Innate Abilities, Weirdness & Mutations

You have a pair of horns on your head.
You are completely covered in thin metallic scales. (AC +4, rElec)
You regenerate a little health from kills.
You sometimes gain a little power by taking damage.
Scrolls take you a little longer to read.
Armour fits poorly on your strangely shaped body.
Your body sometimes deteriorates upon taking damage.
You are dopey. (Int -2)
You are resistant to electric shocks. (rElec)
Potions and wands are less effective at restoring your health.


Message History

You are engulfed in roaring flames.
An orc warrior comes into view. It is wielding an enchanted scimitar.
Really walk into that cloud of flame?
You are engulfed in roaring flames.
The orc warrior shouts!
You are engulfed in roaring flames.
An orc comes into view. It is wielding a dagger.
Your system partially rejects the healing.
You feel much better.
You are engulfed in roaring flames.
You focus on the pain.
You feel very mighty all of a sudden.
The orc shouts!
Erica the Fiery-Tempered comes into view.
She is wielding a scimitar of flaming.
You are engulfed in roaring flames.
* * * LOW HITPOINT WARNING * * *
Erica shouts!
Found a glowing helmet and a papyrus book.
An orc priest and a lava snake come into view.
You are engulfed in roaring flames.
You die...

#.##.## #.##### #.#
#.##.##≈≈≈.:.:(≈≈.###
#.# #.##.#
§§§≈:[.≈≈.≈ #.#
#.##.# .≈≈S@§≈≈≈ #.#
#.##.# ≈≈§§§≈≈
#########.# #.##.#
..≈.o #.........#
#.##.# #...#
########### #.##)##
#.oo# #.....# #§@§#
#.##.## #§§§# #.##.#
#§§§# #####.##.#
#§§§# ########
......##.# #§§§#
#......# #####.##.#
#§§§# ######.#
#.##.## #...# #.#
#####=##..#####...#
#.#
...##.####)())....#
#.#


You could see Erica, an orc warrior, a lava snake (wandering), an orc priest
(wandering) and an orc.

Vanquished Creatures
  The ghost of ratzo the Skirmisher, a novice MiBe of Trog (D:5)
  Joseph (D:8)
  Grinder (D:4)
  Prince Ribbit (D:5)
  Sigmund (D:2)
  6 yaks (D:9)
  A hungry ghost (D:8)
  3 orc warriors
  2 sky beasts
  2 ice beasts
  2 ogres
  3 phantoms
  3 centaurs
  3 bullfrogs
  A big kobold (D:9)
  A wyvern skeleton (D:7)
  A scorpion (D:4)
  3 howler monkeys
  3 wights (D:6)
  3 crimson imps
  A bullfrog zombie (D:7)
  2 jellies
  3 hounds (D:7)
  2 orc wizards
  3 orc priests
  A quasit (D:5)
  A centaur skeleton (D:6)
  A bullfrog skeleton (D:4)
  3 iguanas
  3 worker ants
  2 hound skeletons
  A worker ant zombie (D:6)
  8 gnolls
  11 adders
  A shadow imp (D:3)
  2 oozes
  An adder zombie (D:5)
  5 worms
  A dart slug (D:2)
  6 leopard geckos
  25 orcs
  12 bats
  11 giant cockroaches
  13 goblins
  4 hobgoblins
  9 jackals (D:2)
  15 kobolds
  3 quokkas
  8 frilled lizards
  A quokka skeleton (D:4)
  A quokka zombie (D:6)
  9 rats
211 creatures vanquished.

Vanquished Creatures (others)
  An iguana (D:9)
  A kobold (D:9)
2 creatures vanquished.

Grand Total: 213 creatures vanquished

Notes
Turn   | Place    | Note
-------+----------+-------------------------------------------
     0 | D:1      | Lennu the Demonspawn Berserker began the quest for the Orb.
     0 | D:1      | Reached XP level 1. HP: 18/18 MP: 1/1
   118 | D:1      | Reached skill level 3 in Maces & Flails
   145 | D:1      | Gained mutation: You regenerate a little health from kills. [demonic ancestry]
   145 | D:1      | Reached XP level 2. HP: 24/24 MP: 2/2
   427 | D:1      | Reached ** piety under Trog
   593 | D:1      | Reached XP level 3. HP: 26/29 MP: 3/3
  1218 | D:2      | Noticed Sigmund
  1243 | D:2      | Killed Sigmund
  1243 | D:2      | Reached skill level 4 in Maces & Flails
  1243 | D:2      | Reached XP level 4. HP: 18/37 MP: 4/4
  1243 | D:2      | Gained mutation: You are partially covered in thin metallic scales. (AC +2) [demonic ancestry]
  1243 | D:2      | Reached XP level 5. HP: 21/42 MP: 5/5
  1455 | D:2      | Reached skill level 1 in Throwing
  2264 | D:2      | Gained mutation: You sometimes gain a little power by taking damage. [demonic ancestry]
  2264 | D:2      | Reached XP level 6. HP: 37/48 MP: 6/6
  2565 | D:2      | Reached *** piety under Trog
  3713 | D:3      | Found a sparkling altar of Nemelex Xobeh.
  3791 | D:3      | Reached skill level 5 in Maces & Flails
  4053 | D:4      | Gained mutation: You are mostly covered in thin metallic scales. (AC +3) [demonic ancestry]
  4053 | D:4      | Reached XP level 7. HP: 41/54 MP: 7/7
  4278 | D:4      | Found a white marble altar of Elyvilon.
  4496 | D:4      | Noticed Grinder
  4509 | D:4      | Killed Grinder
  4515 | D:4      | Reached skill level 6 in Maces & Flails
  4545 | D:4      | Gained mutation: You are resistant to electric shocks. (rElec) [potion of beneficial mutation]
  4837 | D:5      | Entered Level 5 of the Dungeon
  4845 | D:5      | Noticed ratzo's ghost (novice MiBe)
  4865 | D:5      | Killed ratzo's ghost
  4865 | D:5      | Reached skill level 5 in Fighting
  4865 | D:5      | Gained mutation: You have a pair of small horns on your head. [demonic ancestry]
  4865 | D:5      | Reached XP level 8. HP: 62/62 MP: 8/8
  4870 | D:5      | Reached skill level 7 in Maces & Flails
  5729 | D:5      | Noticed Prince Ribbit
  5736 | D:5      | Killed Prince Ribbit
  5740 | D:5      | Reached skill level 8 in Maces & Flails
  6385 | D:6      | Gained mutation: You are completely covered in thin metallic scales. (AC +4, rElec) [demonic ancestry]
  6385 | D:6      | Reached XP level 9. HP: 68/68 MP: 9/9
  6968 | D:6      | Reached **** piety under Trog
  7077 | D:6      | Reached skill level 9 in Maces & Flails
  7624 | D:7      | Found a burning altar of Makhleb.
  7701 | D:7      | Found a hide-covered altar of Uskayaw.
  7704 | D:7      | Found a hazy altar of Hepliaklqana.
  7720 | D:7      | Found a stormy altar of Qazlal.
  7723 | D:7      | Found a glowing golden altar of the Shining One.
  7891 | D:7      | Found a staircase to the Ecumenical Temple.
  8288 | D:8      | Found a sparkling altar of Nemelex Xobeh.
  8325 | D:8      | Reached skill level 5 in Dodging
  8584 | D:8      | Noticed Joseph
  8594 | D:8      | Killed Joseph
  8594 | D:8      | Reached XP level 10. HP: 77/77 MP: 10/10
  8662 | D:8      | Found a staircase to the Lair.
  9068 | D:9      | Reached skill level 10 in Maces & Flails
  9539 | D:9      | Received a gift from Trog
  9786 | D:9      | Found Jyth's Distillery.
  9789 | D:9      | Bought a potion of mutation for 37 gold pieces
  9789 | D:9      | Bought 2 potions of curing for 90 gold pieces
  9789 | D:9      | Bought a potion of heal wounds for 75 gold pieces
  9789 | D:9      | Bought a potion of heal wounds for 75 gold pieces
  9789 | D:9      | Bought a potion of mutation for 37 gold pieces
  9790 | D:9      | Gained mutation: You are dopey. (Int -2) [potion of mutation]
  9790 | D:9      | Gained mutation: Your body sometimes deteriorates upon taking damage. [potion of mutation]
  9790 | D:9      | Gained mutation: Your muscles are strong. (Str +2) [potion of mutation]
  9791 | D:9      | Lost mutation: Your muscles are strong. (Str +2) [potion of mutation]
  9791 | D:9      | Gained mutation: Potions and wands are less effective at restoring your health. [potion of mutation]
  9791 | D:9      | Gained mutation: You have a pair of horns on your head. [potion of mutation]
  9792 | D:9      | Gained mutation: Scrolls take you a little longer to read. [potion of mutation]
  9792 | D:9      | Gained mutation: Armour fits poorly on your strangely shaped body. [potion of mutation]
 10008 | D:9      | Noticed Erica
 10009 | D:9      | Engulfed by a cloud of flame

Skill      XL: |  1  2  3  4  5  6  7  8  9 10 |
---------------+-------------------------------+-----
Maces & Flails | 3 4 5 6 8 9 10 | 10.5
Armour         | 2 3 4 |  4.6
Dodging        | 2 3 4 5 |  5.4
Throwing       | 1 2 4 |  4.3
Fighting       | 4 5 6 |  6.8

Action                   |  1- 3 |  4- 6 |  7- 9 | 10-12 || total
-------------------------+-------+-------+-------+-------++-------
Melee: Mace              |   103 |   230 |       |       ||   333
       Morningstar       |       |     8 |   259 |    65 ||   332
       Whip              |       |       |   115 |       ||   115
       Headbutt          |       |       |    57 |    13 ||    70
Throw: Throwing net      |       |       |     2 |       ||     2
       Tomahawk          |       |       |     5 |    10 ||    15
Invok: Berserk           |     2 |     2 |     8 |     3 ||    15
       Trog's Hand       |     1 |     2 |     8 |     2 ||    13
  Use: Scroll            |     2 |     4 |     6 |       ||    12
       Potion            |       |       |     5 |     4 ||     9
 Stab: Sleeping          |     1 |     2 |     3 |       ||     6
       Invisible         |       |       |     5 |       ||     5
       Distracted        |       |       |     1 |       ||     1
       Held in net/web   |       |       |     1 |       ||     1
  Eat: Chunk             |     2 |    23 |    15 |     3 ||    43
       Meat ration       |       |       |     1 |     1 ||     2
Armor: Animal skin       |    14 |       |       |       ||    14
       Robe              |       |    81 |    75 |       ||   156
       Chain mail        |       |       |    39 |    18 ||    57
       Skin              |       |       |     7 |       ||     7
Dodge: Dodged            |    84 |   173 |   210 |    21 ||   488
